 Dungeon Crawl Stone Soup version 0.32-a0-643-ga006e7742e (webtiles) character file.

Game seed: 6025364969956737501

492 Aldia the Chopper (level 6, -2/52 HPs)
             Began as a Mountain Dwarf Reaver on Mar 7, 2024.
             Slain by a gnoll
             ... wielding a +0 halberd
              (11 damage)
             ... on level 4 of the Dungeon.
             The game lasted 00:06:23 (3723 turns).

Aldia the Chopper (Mountain Dwarf Reaver)           Turns: 3723, Time: 00:06:23

Health: -2/52      AC: 11    Str: 17    XL:     6   Next: 91%
Magic:  9/9        EV:  7    Int: 13    God:
Gold:   175        SH:  0    Dex:  8    Spells: 6/9 levels left

rFire   . . .        n - +0 hand axe (heavy)
rCold   . . .        (no shield)
rNeg    . . .        f - +0 chain mail
rPois   .            j - +1 helmet
rElec   .            (no cloak)
rCorr   +            (no gloves)
SInv    .            (no boots)
Will    .....        (no amulet) Stlth
                     d - ring of resist corrosion
HPRegen 0.28/turn    (no ring)
MPRegen 0.11/turn

%: no passive effects
@: no status effects
A: runic magic, artefact enchanting
a: no special abilities


You were on level 4 of the Dungeon.
You visited 2 branches of the dungeon, and saw 5 of its levels.

You collected 175 gold pieces.

Inventory:

Hand Weapons
 n - a +0 heavy hand axe (weapon)
Armour
 f - a +0 chain mail (worn)
 j - a +1 helmet (worn)
Jewellery
 d - a ring of resist corrosion (left hand)
Wands
 b - a wand of flame (9)
Scrolls
 c - a scroll of fear {unknown}
 e - a scroll of butterflies
 g - a scroll of amnesia
 m - a scroll of poison {unknown}
Potions
 a - a potion of attraction {unknown}
 h - 2 potions of degeneration
 i - 2 potions of curing
 k - 2 potions of heal wounds
 l - a potion of brilliance {unknown}


   Skills:
 + Level 4.2 Fighting
 * Level 6.7 Axes
 + Level 3.0 Armour
 - Level 1.3 Dodging
 - Level 2.0 Spellcasting
 - Level 2.6 Conjurations
 + Level 2.8 Necromancy


You had 6 spell levels left.
You knew the following spells:

 Your Spells              Type           Power      Damage    Failure   Level
a - Kiss of Death         Conj/Necr      32%        2d7       14%         1
b - Blink                 Tloc           2%         N/A       56%         2

Your spell library contained the following spells:

 Spells                   Type           Power      Damage    Failure   Level
 Magic Dart               Conj           32%        1d4       16%         1
 Momentum Strike          Conj/Tloc      8%         3d8       36%         2
 Summon Small Mammal      Summ           4%         N/A       41%         1
 Call Imp                 Summ           2%         N/A       56%         2
 Dazzling Flash           Conj/Hex       8%         N/A       61%         3
 Hailstorm                Conj/Ice       4%         3d5       61%         3
 Mephitic Cloud           Conj/Alch/Air  3%         N/A       67%         3
 Call Canine Familiar     Summ           1%         N/A       80%         3
 Gell's Gravitas          Tloc           1%         N/A       80%         3
 Teleport Other           Tloc           1%         N/A       80%         3
 Tukima's Dance           Hex            1%         N/A       80%         3
 Curse of Agony           Necr           8%         N/A       98%         5
 Passage of Golubria      Tloc           1%         N/A       99%         4
 Summon Blazeheart Golem  Fire/Summ      1%         N/A       99%         4
 Silence                  Hex/Air        0%         N/A       100%        5
 Yara's Violent Unravell  Hex/Alch       0%         3d3       100%        5
 Dispersal                Tloc           0%         N/A       100%        6


Dungeon Overview and Level Annotations

Branches:
Dungeon (4/15)             Temple (1/1) D:4

Altars:
Ashenzari
Dithmenos
Fedhas
Hepliaklqana
Kikubaaqudgha
Nemelex Xobeh
Okawaru
Wu Jian
Xom
Zin


Innate Abilities, Weirdness & Mutations

Your spellcasting is much less encumbered by armour.
You can use scrolls of enchantment on lesser artefacts.


Message History

You kill the iguana!
The gnoll hits you from afar with a +0 vampiric halberd.
The gnoll hits you but does no damage.
Your Armour skill increases to level 3!
The gnoll hits you with a +0 vampiric halberd!
You see here an iguana corpse.
You closely miss the gnoll. The gnoll barely misses you.
You barely miss the gnoll.
The gnoll hits you with a +0 vampiric halberd.
The gnoll closely misses you.
You slash the gnoll!
The gnoll is heavily wounded.
The gnoll completely misses you.
A quokka comes into view.
You slash the gnoll!
You kill the gnoll!
The gnoll hits you with a +0 club.
You slash the gnoll!
You kill the gnoll!
You slash the gnoll!
The gnoll is almost dead.
The gnoll hits you with a +0 club. The gnoll completely misses you.
The gnoll hits you but does no damage.
You barely miss the gnoll.
The gnoll is almost dead.
The gnoll hits you from afar with a +0 halberd!
* * * LOW HITPOINT WARNING * * *
The gnoll hits you but does no damage.
You hit the gnoll.
You kill the gnoll!
The gnoll barely misses you.
The gnoll hits you from afar with a +0 halberd.
* * * LOW HITPOINT WARNING * * *
The gnoll hits you with a +0 halberd.
* * * LOW HITPOINT WARNING * * *
Items here: $ ))) †††.
You slash the gnoll!
The gnoll is heavily wounded.
The gnoll hits you with a +0 halberd!
You die...

***** *,*,* *#*,,*****,*
*,,,*********,,,* ##.,,** #.*
**,,,,,,,,,,,,,*,* #..*** #.*
,,**,***********#####.#########.#
*,,,,*,**,,,,,,,......#########.#
,,****,****##*#######.###.......#
,** *,**,,,............>.#######
,* *,**############.##..#######
,* *>,,.....rg@†.....+..#######
,* *,**..#######..#.##..#######
,* *,***** #$#.#.#<..#######
,*****,* #.######..#######
,,,,,,,** #.######..#######
*,,,,,.,* #.######......##.
#####.,,* #.######......##.
.....,,,* *#.######.##..###.
######### ###........#...###.


You could see a gnoll and a quokka.

Vanquished Creatures
  A phantom (D:4)
  A scorpion (D:4)
  2 hounds (D:4)
  An orc priest (D:2)
  An iguana (D:4)
  Terence (D:2)
  Robin (D:2)
  3 gnolls (D:4)
  9 adders
  A dart slug (D:1)
  9 orcs
  6 ball pythons
  6 bats
  6 endoplasms
  3 giant cockroaches
  20 goblins
  9 hobgoblins
  5 kobolds
  3 quokkas
  5 frilled lizards
  4 rats
97 creatures vanquished.

Notes
Turn   | Place    | Note
-------+----------+-------------------------------------------
     0 | D:1      | Aldia the Mountain Dwarf Reaver began the quest for the
                  | Orb.
     0 | D:1      | Reached XP level 1. HP: 17/17 MP: 3/3
   217 | D:1      | Reached skill level 4 in Axes
   272 | D:1      | Reached XP level 2. HP: 25/25 MP: 4/4
   312 | D:1      | Reached skill level 1 in Necromancy
   838 | D:1      | Reached XP level 3. HP: 17/30 MP: 4/6
  1059 | D:2      | Reached skill level 1 in Armour
  1059 | D:2      | Reached XP level 4. HP: 27/38 MP: 7/7
  1325 | D:2      | Noticed Robin
  1331 | D:2      | Reached skill level 5 in Axes
  1346 | D:2      | Killed Robin
  1572 | D:2      | Noticed Terence
  1583 | D:2      | Killed Terence
  1584 | D:2      | Reached XP level 5. HP: 19/41 MP: 6/8
  2314 | D:3      | Found a shimmering altar of Xom.
  2315 | D:3      | Found a hazy altar of Hepliaklqana.
  2316 | D:3      | Noticed a spectral ugly thing
  3030 | D:4      | Noticed a phantom
  3055 | D:4      | Killed a phantom
  3056 | D:4      | Reached skill level 6 in Axes
  3056 | D:4      | Reached XP level 6. HP: 38/52 MP: 9/9
  3171 | D:4      | Found a staircase to the Ecumenical Temple.
  3202 | Temple   | Entered the Ecumenical Temple
  3206 | Temple   | Learned a level 2 spell: Blink
  3723 | D:4      | Slain by a gnoll

Illustrated notes

Levels and vault maps discovered:
D:1:      doesnt_arrival_eight_statues, layout_basic
D:2:      layout_rooms, nicolae_figureground_sparkle, uniq_terence, uniq_robin
D:3:      layout_loops_corners, regret_index_temple_of_mockery,
          minmay_misc_feat_ornament
D:4:      corexii_shack_village, layout_basic,
          minmay_temple_entry_enclosed_plants, serial_co_window_serial,
          co_window_paths_b, co_window_paths_a, co_window_paths_a,
          co_window_paths_a, co_window_corner_a, co_window_of_opportunity_a,
          co_window_paths_a, co_window_2corner, co_window_broadway_b,
          co_window_paths_c, co_window_paths_c, co_window_2corner,
          co_window_unsneaky_path_b, co_window_paths_c, co_window_paths_e,
          glass_columns_a, glass_columns_b, glass_columns_b
Temple:   hellmonk_temple_flake

Skill      XL: |  1  2  3  4  5  6 |
---------------+-------------------+-----
Axes           | 4 5 6 |  6.7
Necromancy     | 1 2 |  2.8
Spellcasting   | 2 |  2.0
Fighting       | 3 4 |  4.2
Armour         | 1 2 3 |  3.0
Dodging        | |  1.3
Conjurations   | |  2.6

Action                     |  1- 3 |  4- 6 || total
---------------------------+-------+-------++-------
  Melee: Hand axe          |   115 |   306 ||   421
   Cast: Kiss of Death     |       |     1 ||     1
    Use: Scroll            |       |     7 ||     7
 Armour: Leather armour    |    26 |       ||    26
         Chain mail        |    67 |   284 ||   351
  Dodge: Dodged            |    58 |   123 ||   181

Table legend: (Time is in decaauts)
 A = Elapsed time spent in this place.
 B = Non-inter-level travel time spent in this place.
 C = Inter-level travel time spent in this place.
 D = Time resting spent in this place.
 E = Time spent auto-exploring this place.
 F = Levels seen in this place.
 G = Mean time per level.
                   A        B        C        D        E       F      G
               +--------+--------+--------+--------+--------+-----+--------+
         Total |   3754 |   3604 |    150 |     82 |   2654 |   5 |  750.8 |
       Dungeon |   3749 |   3599 |    150 |     82 |   2654 |   4 |  937.2 |
        Temple |      4 |      4 |      0 |      0 |      0 |   1 |    4.0 |
               +--------+--------+--------+--------+--------+-----+--------+

Top non-repeatable levels by time:
     D:3: 1055 daAuts
     D:2: 971 daAuts
     D:1: 970 daAuts
     D:4: 752 daAuts
  Temple: 4 daAuts
